TOP OF THE 1ST |
Buffalo Bisons batting - Pitching for Omaha Storm Chasers : RHP Joe Noonan
|
Pitching: RHP Joe Noonan
|
|
Batting: RHB Väinö Tapaninen
|
0-0: Ball 1-0: Called Strike 1-1: Foul Ball, location: 2F 1-2: Fly out, F9 (Flyball, 9LS, EV 96.9 MPH)
|
Batting: RHB John Loving
|
0-0: Called Strike 0-1: Ball 1-1: Foul Ball, location: 2F 1-2: Strikes out looking
|
Batting: RHB Butch Koglin
|
0-0: Called Strike 0-1: Ground out 5-3 (Groundball, 5S, EV 84.4 MPH)
|
Top of the 1st over - 0 runs, 0 hits, 0 errors, 0 left on base; Buffalo 0 - Omaha 0 |
BOTTOM OF THE 1ST |
Omaha Storm Chasers batting - Pitching for Buffalo Bisons : RHP Art Nobles
|
Pitching: RHP Art Nobles
|
|
Batting: LHB Danny Bailey
|
0-0: Called Strike 0-1: Called Strike 0-2: Ground out 4-3 (Groundball, 4M, EV 81.9 MPH)
|
Batting: RHB Walt Cogswell
|
0-0: Called Strike 0-1: Foul Ball, location: 2F 0-2: Ball 1-2: Strikes out looking
|
Batting: RHB Taisei Fujii
|
0-0: Called Strike 0-1: Fly out, F7 (Flyball, 7S, EV 90.6 MPH)
|
Bottom of the 1st over - 0 runs, 0 hits, 0 errors, 0 left on base; Buffalo 0 - Omaha 0 |
TOP OF THE 2ND |
Buffalo Bisons batting - Pitching for Omaha Storm Chasers : RHP Joe Noonan
|
Batting: RHB Kyle Scruggs
|
0-0: Ball 1-0: Fly out, F9 (Line Drive, 89S, EV 95.0 MPH)
|
Batting: RHB Kyle Davis
|
0-0: Ball 1-0: Foul Ball, location: 2F 1-1: Ball 2-1: Ball 3-1: Base on Balls
|
Batting: RHB Jorge Baret
|
0-0: Called Strike 0-1: Ball Kyle Davis is caught stealing 2nd base 2-4 1-1: SINGLE (Line Drive, 56D, EV 105.0 MPH)
|
Batting: RHB Bryan Peterson
|
0-0: Fielders Choice at 2nd, 6-4 (Groundball, 6MD, EV 76.9 MPH)
|
Top of the 2nd over - 0 runs, 1 hit, 0 errors, 1 left on base; Buffalo 0 - Omaha 0 |
BOTTOM OF THE 2ND |
Omaha Storm Chasers batting - Pitching for Buffalo Bisons : RHP Art Nobles
|
Batting: LHB Shigeru Ono
|
0-0: Called Strike 0-1: Ball 1-1: Ground out 1-3 (Groundball, 34S, EV 66.9 MPH)
|
Batting: RHB Ken Postlethwaite
|
0-0: Ball 1-0: Ball 2-0: Called Strike 2-1: Ground out 5-3 (Groundball, 56D, EV 103.1 MPH)
|
Batting: SHB Francisco Gutierrez
|
0-0: Called Strike 0-1: Ball 1-1: Swinging Strike 1-2: Ball 2-2: Ball 3-2: Fly out, F7 (Flyball, 7D, EV 95.6 MPH)
|
Bottom of the 2nd over - 0 runs, 0 hits, 0 errors, 0 left on base; Buffalo 0 - Omaha 0 |
TOP OF THE 3RD |
Buffalo Bisons batting - Pitching for Omaha Storm Chasers : RHP Joe Noonan
|
Batting: RHB Frank Caulfield
|
0-0: Ball 1-0: DOUBLE (Line Drive, 89D, EV 114.4 MPH)
|
Batting: RHB Jose Garza
|
0-0: Fly out, F9 (Flyball, 89M, EV 95.0 MPH)
|
Batting: RHB Väinö Tapaninen
|
0-0: Ball 1-0: Called Strike 1-1: Ball 2-1: DOUBLE (Flyball, 78D, EV 110.0 MPH) Frank Caulfield scores
|
Batting: RHB John Loving
|
0-0: Ball 1-0: Foul Ball, location: 2F 1-1: Foul Ball, location: 2F 1-2: Strikes out swinging
|
Batting: RHB Butch Koglin
|
0-0: Called Strike 0-1: Called Strike 0-2: Ball 1-2: Strikes out swinging
|
Top of the 3rd over - 1 run, 2 hits, 0 errors, 1 left on base; Buffalo 1 - Omaha 0 |
BOTTOM OF THE 3RD |
Omaha Storm Chasers batting - Pitching for Buffalo Bisons : RHP Art Nobles
|
Batting: RHB Danny Weisse
|
0-0: Called Strike 0-1: Ball 1-1: Called Strike 1-2: Foul Ball, location: 2F 1-2: Ball 2-2: Ball 3-2: Strikes out swinging
|
Batting: RHB Yuichi Takata
|
0-0: Called Strike 0-1: Ground out 5-3 (Groundball, 56, EV 85.6 MPH)
|
Batting: RHB Kevin Roseen
|
0-0: Called Strike 0-1: Ball 1-1: Ball 2-1: Swinging Strike 2-2: Foul Ball, location: 2F 2-2: Ball 3-2: Strikes out swinging
|
Bottom of the 3rd over - 0 runs, 0 hits, 0 errors, 0 left on base; Buffalo 1 - Omaha 0 |
TOP OF THE 4TH |
Buffalo Bisons batting - Pitching for Omaha Storm Chasers : RHP Joe Noonan
|
Batting: RHB Kyle Scruggs
|
0-0: Called Strike 0-1: Called Strike 0-2: Foul Ball, location: 2F 0-2: Strikes out swinging
|
Batting: RHB Kyle Davis
|
0-0: Ball 1-0: Swinging Strike 1-1: Ball 2-1: Ground out 4-3 (Groundball, 4M, EV 84.4 MPH)
|
Batting: RHB Jorge Baret
|
0-0: Swinging Strike 0-1: Called Strike 0-2: Strikes out looking
|
Top of the 4th over - 0 runs, 0 hits, 0 errors, 0 left on base; Buffalo 1 - Omaha 0 |
BOTTOM OF THE 4TH |
Omaha Storm Chasers batting - Pitching for Buffalo Bisons : RHP Art Nobles
|
Batting: LHB Danny Bailey
|
0-0: Ball 1-0: Foul Ball, location: 2F 1-1: Ball 2-1: SINGLE (Groundball, 4D, EV 101.9 MPH)
|
Batting: RHB Walt Cogswell
|
0-0: Called Strike 0-1: Foul Ball, location: 2F 0-2: Strikes out swinging
|
Batting: RHB Taisei Fujii
|
0-0: Ball 1-0: Ball 2-0: Ball 3-0: Called Strike 3-1: Swinging Strike 3-2: Base on Balls Danny Bailey to second
|
Batting: LHB Shigeru Ono
|
0-0: Ball 1-0: Ball 2-0: Ball 3-0: Foul Ball, location: 2F 3-1: Grounds into double play, U3-6 (Groundball, 3L, EV 84.4 MPH)
|
Bottom of the 4th over - 0 runs, 1 hit, 0 errors, 1 left on base; Buffalo 1 - Omaha 0 |
TOP OF THE 5TH |
Buffalo Bisons batting - Pitching for Omaha Storm Chasers : RHP Joe Noonan
|
Batting: RHB Bryan Peterson
|
0-0: Called Strike 0-1: Ball 1-1: Ball 2-1: Foul Ball, location: 2F 2-2: Ground out 4-3 (Groundball, 4, EV 103.8 MPH)
|
Batting: RHB Frank Caulfield
|
0-0: Ball 1-0: Fly out, F8 (Line Drive, 89M, EV 90.0 MPH)
|
Batting: RHB Jose Garza
|
0-0: Ball 1-0: Ground out 4-3 (Groundball, 4M, EV 100.6 MPH)
|
Top of the 5th over - 0 runs, 0 hits, 0 errors, 0 left on base; Buffalo 1 - Omaha 0 |
BOTTOM OF THE 5TH |
Omaha Storm Chasers batting - Pitching for Buffalo Bisons : RHP Art Nobles
|
Batting: RHB Ken Postlethwaite
|
0-0: Ball 1-0: Ground out 1-3 (Groundball, 13S, EV 70.6 MPH)
|
Batting: SHB Francisco Gutierrez
|
0-0: Ball 1-0: Ball 2-0: Fly out, F5 (Popup, 25, EV 76.9 MPH)
|
Batting: RHB Danny Weisse
|
0-0: Called Strike 0-1: Swinging Strike 0-2: SINGLE (Line Drive, 7LS, EV 89.4 MPH)
|
Batting: RHB Yuichi Takata
|
0-0: Swinging Strike 0-1: Fly out, F8 (Flyball, 8RM, EV 90.6 MPH)
|
Bottom of the 5th over - 0 runs, 1 hit, 0 errors, 1 left on base; Buffalo 1 - Omaha 0 |
TOP OF THE 6TH |
Buffalo Bisons batting - Pitching for Omaha Storm Chasers : RHP Joe Noonan
|
Batting: RHB Väinö Tapaninen
|
0-0: Ball 1-0: Ball 2-0: Called Strike 2-1: Foul Ball, location: 2F 2-2: Strikes out swinging
|
Batting: RHB John Loving
|
0-0: Ball 1-0: Ball 2-0: Swinging Strike 2-1: Ball 3-1: Ground out 1-3 (Groundball, P, EV 70.6 MPH)
|
Batting: RHB Butch Koglin
|
0-0: Ball 1-0: Foul Ball, location: 2F 1-1: Ball 2-1: Foul Ball, location: 2F 2-2: Foul Ball, location: 2F 2-2: Foul Ball, location: 2F 2-2: Ground out 3-1 (Groundball, 34S, EV 88.1 MPH)
|
Top of the 6th over - 0 runs, 0 hits, 0 errors, 0 left on base; Buffalo 1 - Omaha 0 |
BOTTOM OF THE 6TH |
Omaha Storm Chasers batting - Pitching for Buffalo Bisons : RHP Art Nobles
|
Batting: RHB Kevin Roseen
|
0-0: Called Strike 0-1: Ground out 6-3 (Groundball, 6, EV 100.6 MPH)
|
Batting: LHB Danny Bailey
|
0-0: Foul Ball, location: 2F 0-1: Foul Ball, location: 2F 0-2: Ball 1-2: Ball 2-2: Ground out 6-3 (Groundball, 6, EV 95.6 MPH)
|
Batting: RHB Walt Cogswell
|
0-0: Foul Ball, location: 2F 0-1: Ball 1-1: Ball 2-1: Ball 3-1: Base on Balls
|
Batting: RHB Taisei Fujii
|
0-0: Called Strike 0-1: Foul Ball, location: 2F 0-2: DOUBLE (Groundball, 5L, EV 97.5 MPH) Walt Cogswell to third Runner from 3rd tries for Home, SAFE, throw by LF to home
|
Batting: LHB Shigeru Ono
|
0-0: Called Strike 0-1: Fly out, F8 (Line Drive, 78S, EV 96.2 MPH)
|
Bottom of the 6th over - 1 run, 1 hit, 0 errors, 1 left on base; Buffalo 1 - Omaha 1 |
TOP OF THE 7TH |
Buffalo Bisons batting - Pitching for Omaha Storm Chasers : RHP Joe Noonan
|
Batting: RHB Kyle Scruggs
|
0-0: Called Strike 0-1: DOUBLE (Line Drive, 89D, EV 106.2 MPH)
|
Batting: RHB Kyle Davis
|
0-0: Foul Ball, location: 2F 0-1: Ball 1-1: Foul Ball, location: 2F 1-2: Foul Ball, location: 2F 1-2: Ball 2-2: Ball 3-2: Fly out, F8 (Flyball, 8LD, EV 88.1 MPH) Runner from 2nd tags up, SAFE at 3rd with throw by CF
|
Batting: RHB Jorge Baret
|
0-0: Ball 1-0: Swinging Strike 1-1: Ball 2-1: Called Strike 2-2: Ball 3-2: Strikes out swinging
|
Batting: RHB Bryan Peterson
|
0-0: Called Strike 0-1: Ball 1-1: Ball 2-1: Ball 3-1: Base on Balls
|
Batting: RHB Frank Caulfield
|
0-0: Ball 1-0: Fly out, F4 (Line Drive, 4, EV 71.9 MPH)
|
Top of the 7th over - 0 runs, 1 hit, 0 errors, 2 left on base; Buffalo 1 - Omaha 1 |
BOTTOM OF THE 7TH |
Omaha Storm Chasers batting - Pitching for Buffalo Bisons : RHP Art Nobles
|
Batting: RHB Ken Postlethwaite
|
0-0: Called Strike 0-1: Ground out 6-3 (Groundball, 6, EV 85.6 MPH)
|
Batting: SHB Francisco Gutierrez
|
0-0: Called Strike 0-1: Called Strike 0-2: Foul Ball, location: 2F 0-2: SINGLE (Groundball, 56D, EV 93.8 MPH)
|
Batting: RHB Danny Weisse
|
0-0: Ball 1-0: Ball 2-0: Called Strike 2-1: Fielders Choice at 2nd, 6-4 (Groundball, 6, EV 81.9 MPH)
|
Batting: RHB Yuichi Takata
|
0-0: Called Strike 0-1: Ball 1-1: Ground out 4-3 (Groundball, 4, EV 93.1 MPH)
|
Bottom of the 7th over - 0 runs, 1 hit, 0 errors, 1 left on base; Buffalo 1 - Omaha 1 |
TOP OF THE 8TH |
Buffalo Bisons batting - Pitching for Omaha Storm Chasers : RHP Joe Noonan
|
Batting: RHB Jose Garza
|
0-0: SINGLE (Flyball, 7S, EV 87.5 MPH)
|
Batting: RHB Väinö Tapaninen
|
0-0: Called Strike 0-1: Ball 1-1: Sac Bunt to 2R - play at first, batter OUT! 2-3 Jose Garza to second
|
Batting: RHB John Loving
|
0-0: Ball 1-0: Foul Ball, location: 2F 1-1: SINGLE (Groundball, 5S, EV 64.4 MPH) (infield hit) Jose Garza to third
|
Batting: RHB Butch Koglin
|
0-0: Called Strike 0-1: Called Strike John Loving steals 2nd, throwing error, E2 Jose Garza scores John Loving to third 0-2: Ball 1-2: Foul Ball, location: 2F 1-2: Ball 2-2: Ball 3-2: Base on Balls
|
Pitching: RHP Kevin Fleming
|
|
Batting: RHB Kyle Scruggs
|
0-0: Called Strike 0-1: Called Strike 0-2: Ball 1-2: Strikes out swinging
|
Batting: LHB Gabe Pace
|
0-0: Ball 1-0: Ball 2-0: Ball 3-0: Called Strike 3-1: Swinging Strike 3-2: Strikes out swinging
|
Top of the 8th over - 1 run, 2 hits, 1 error, 2 left on base; Buffalo 2 - Omaha 1 |
BOTTOM OF THE 8TH |
Omaha Storm Chasers batting - Pitching for Buffalo Bisons : RHP Art Nobles
|
Batting: RHB Kevin Roseen
|
0-0: Swinging Strike 0-1: Ball 1-1: Foul Ball, location: 2F 1-2: Foul Ball, location: 2F 1-2: Ball 2-2: Foul Ball, location: 2F 2-2: Ground out 5-3 (Groundball, 56, EV 85.0 MPH)
|
Batting: LHB Danny Bailey
|
0-0: Ball 1-0: Ball 2-0: Ball 3-0: Called Strike 3-1: Ground out 4-3 (Groundball, 4, EV 86.2 MPH)
|
Batting: RHB Walt Cogswell
|
0-0: Ball 1-0: Ball 2-0: Called Strike 2-1: Ground out 6-3 (Groundball, 56, EV 82.5 MPH)
|
Bottom of the 8th over - 0 runs, 0 hits, 0 errors, 0 left on base; Buffalo 2 - Omaha 1 |
TOP OF THE 9TH |
Buffalo Bisons batting - Pitching for Omaha Storm Chasers : RHP Kevin Fleming
|
Batting: RHB Jorge Baret
|
0-0: Ball 1-0: Called Strike 1-1: Ground out U3 (Groundball, 34, EV 87.5 MPH)
|
Batting: RHB Bryan Peterson
|
0-0: Ball 1-0: Called Strike 1-1: Swinging Strike 1-2: Ball 2-2: Ball 3-2: Foul Ball, location: 2F 3-2: SINGLE (Groundball, 6MD, EV 95.6 MPH)
|
Batting: RHB Frank Caulfield
|
0-0: Ball Bryan Peterson is caught stealing 2nd base 2-4 1-0: Ball 2-0: Ground out 4-3 (Groundball, 4, EV 79.4 MPH)
|
Top of the 9th over - 0 runs, 1 hit, 0 errors, 0 left on base; Buffalo 2 - Omaha 1 |
BOTTOM OF THE 9TH |
Omaha Storm Chasers batting - Pitching for Buffalo Bisons : RHP Art Nobles
|
Pitching: RHP Pat Powell
|
|
Batting: RHB Taisei Fujii
|
0-0: Called Strike 0-1: Ground out U3 (Groundball, 3, EV 86.9 MPH)
|
Batting: LHB Shigeru Ono
|
0-0: Foul Ball, location: 2F 0-1: Ball 1-1: Foul Ball, location: 2F 1-2: Ball 2-2: Fly out, F9 (Line Drive, 9S, EV 96.2 MPH)
|
Pinch Hitting: LHB Willie Gutierrez
|
0-0: Ball 1-0: Ball 2-0: Called Strike 2-1: Called Strike 2-2: Foul Ball, location: 2F 2-2: Ball 3-2: Ground out 4-3 (Groundball, 34, EV 101.9 MPH)
|
Bottom of the 9th over - 0 runs, 0 hits, 0 errors, 0 left on base; Buffalo 2 - Omaha 1 |
|